 Dungeon Crawl Stone Soup version 0.29-a0-275-g389c0b56f3 (webtiles) character file.

Game seed: 16695572073308233962

258 sokol815 the Covert (level 6, -4/39 HPs)
             Began as an Octopode Brigand on Mar 10, 2022.
             Succumbed to a scorpion's poison
             ... on level 6 of the Dungeon.
             The game lasted 00:08:16 (4155 turns).

sokol815 the Covert (Octopode Brigand)              Turns: 4155, Time: 00:08:16

Health: -4/39      AC:  1    Str: 10    XL:     6   Next: 16%
Magic:  7/7        EV: 12    Int: 16    God:
Gold:   211        SH:  0    Dex: 13    Spells: 7/7 levels left

rFire   . . .      SeeInvis .   a - +2 long sword (flame)
rCold   . . .      Faith    .   (no shield)
rNeg    . . .      Spirit   .   (helmet restricted)
rPois   .          Reflect  .   (no amulet)
rElec   .          Harm     .   W - ring of willpower
rCorr   .          Rampage  .   (no ring)
Will    +....                   (no ring)
Stlth   +++++.....              (no ring)
HPRegen 0.13/turn               (no ring)
MPRegen 0.10/turn               (no ring)
                                (no ring)
                                (no ring)

@: mighty, lethally poisoned (-4 -> -26)
A: almost no armour, amphibious, 8 rings, camouflage 1, gelatinous body 1,
(nimble swimmer 1), tentacles
a: no special abilities


You were on level 6 of the Dungeon.
You visited 1 branch of the dungeon, and saw 6 of its levels.

You collected 211 gold pieces.

Inventory:

Hand Weapons
 a - a +2 long sword of flaming (weapon)
   (You found it on level 1 of the Dungeon)
 d - a +2 dagger
Missiles
 b - 5 poisoned darts (quivered)
 c - 3 curare-tipped darts
 g - 5 boomerangs
 s - 34 stones
Jewellery
 W - a ring of willpower (left tentacle)
   (You found it on level 1 of the Dungeon)
Scrolls
 Y - 3 scrolls of teleportation {@r3}
Potions
 e - a potion of attraction {!q}
 B - a potion of brilliance


   Skills:
 - Level 2.0 Fighting
 - Level 2.2(2.9) Short Blades
 + Level 2.7(3.1) Long Blades
 - Level 2.0 Throwing
 - Level 1.0 Dodging
 * Level 8.6 Stealth
 + Level 1.2 Spellcasting


You had 7 spell levels left.
You didn't know any spells.
Your spell library contained the following spells:

 Spells                   Type           Power      Damage    Failure   Level
 Blade Hands              Tmut           0%         N/A       99%         5
 Iron Shot                Conj/Erth      0%         9d1       100%        6
 Animate Armour           Summ/Erth      Unusable   N/A       N/A         4

Dungeon Overview and Level Annotations

Branches:
Dungeon (7/15)
 Temple: D:4-7

Altars:
Sif Muna
Zin

Annotations:
D:3 Sigmund
D:4 exclusions: hound and phantom


Innate Abilities, Weirdness & Mutations

You cannot wear most types of armour.
You are amphibious.
You can wear up to eight rings at the same time.
Your skin changes colour to match your surroundings (Stealth+).
Your rubbery body absorbs attacks. (AC +1, EV +1)
((You are camouflaged when in or above water. (Stealth+)))
You have tentacles for arms and can constrict up to eight enemies at once.


Message History

You take 4 damage, and have 19/39 hp.
You start resting.
Health restored: 39 An orc comes into view.
It is wielding a +1 short sword of venom.
Found a stone staircase leading up.
A phantom comes into view.
A hound comes into view.
The helpless orc fails to defend itself.
You hit the orc. You burn the orc.
You kill the orc!
You can't see that place. [the floor.]
You now have 190 gold pieces (gained 10).
h - a dark potion
As you read the scroll of identify {@r1}, it crumbles to dust.
h - a potion of brilliance;
B - a potion of brilliance You now have 195 gold pieces (gained 5).
Found a stone staircase leading down.
A goblin comes into view. It is wielding a +0 club.
The helpless goblin fails to defend itself.
You slash the goblin! You burn the goblin.
You kill the goblin!
No target in view!
Things that are here:
a +0 club; a goblin corpse
Found a stone staircase leading down.
A sourceless malevolence fills the Dungeon...
You fall into a shaft and drop 3 floors!
The shaft crumbles and collapses.
Found a stone staircase leading up.
(D) Dungeon
Where to? (Enter - D:4, ? - help)
There is a stone staircase leading up here.
You climb upwards.
Found 16 gold pieces.
Found a stone staircase leading down.
There is a stone staircase leading down here.
You now have 211 gold pieces (gained 16).
You open the door.
A hound comes into view.
There is an open door here.
A scorpion comes into view.
Throw: 6 darts (poison)
Aim: a hound (asleep, 98% to hit)
You throw a poisoned dart. The poisoned dart hits the hound.
The hound barks!
You hit the hound but do no damage. Your grab misses the hound.
The hound bites you. The hound closely misses you.
You take 4 damage, and have 35/39 hp.
You hit the hound. You burn the hound. Your grab misses the hound.
You tentacle-slap the hound. The hound closely misses you.
A killer bee comes into view.
The hound misses you.
You closely miss the hound.
The killer bee buzzes angrily.
Your grab misses the hound.
Your tentacle-slap misses the hound.
The hound barely misses you.
A killer bee comes into view.
The hound bites you.
You take 2 damage, and have 33/39 hp.
The hound misses you. The scorpion stings you.
You are poisoned.
The scorpion poisons you!
You take 3 damage, and have 30/39 hp.
The hound attacks as you move away! The hound closely misses you.
You feel very sick.
You take 3 damage, and have 27/39 hp.
The hound attacks as you move away! The hound completely misses you.
The scorpion attacks as you move away! The scorpion barely misses you.
You feel sick. The hound closely misses you.
You take 2 damage, and have 25/39 hp.
You feel sick.
There is an open door here.
You take 1 damage, and have 24/39 hp.
You feel sick.
You take 2 damage, and have 22/39 hp.
You feel better. The scorpion stings you!
You are poisoned.
The scorpion poisons you! The scorpion stings you.
You are lethally poisoned!
The scorpion poisons you!
You take 6 damage, and have 16/39 hp.
You feel very mighty all of a sudden.
* * * LOW HITPOINT WARNING * * *
You feel very sick. The scorpion stings you.
* * * LOW HITPOINT WARNING * * *
You are more poisoned.
The scorpion poisons you!
You take 8 damage, and have 8/39 hp.
MASSIVE DAMAGE!!
Unknown command.
You hit the scorpion. You burn the scorpion. You grab the scorpion.
You constrict the scorpion.
* * * LOW HITPOINT WARNING * * *
You feel extremely sick. The scorpion barely misses you.
You take 6 damage, and have 2/39 hp.
You slash the scorpion! You burn the scorpion.
You kill the scorpion!
You die...

#...#####....#
#...#?![#....#
#...#[!!#....#
#...#/?:#y...#
#...#####....#
#.y..........#
#.h.y........#
##'###########
#.@....#
#....>.#
#......#
#...>..#
#......#
########


You could see a hound and a killer bee.

Vanquished Creatures
  A scorpion (D:6)
  A jelly (D:3)
  An orc priest (D:3)
  3 gnolls (D:2)
  8 adders
  A worm (D:2)
  9 orcs
  7 endoplasms
  4 giant cockroaches
  6 goblins
  5 hobgoblins
  8 jackals
  2 quokkas
  6 ball pythons
  10 bats
  A frilled lizard (D:1)
  6 kobolds
  7 rats
86 creatures vanquished.

Vanquished Creatures (others)
  A fungus (D:3)
  A plant (D:3)
2 creatures vanquished.

Grand Total: 88 creatures vanquished

Notes
Turn   | Place    | Note
-------+----------+-------------------------------------------
     0 | D:1      | sokol815 the Octopode Brigand began the quest for the Orb.
     0 | D:1      | Reached XP level 1. HP: 14/14 MP: 1/1
    80 | D:1      | Reached XP level 2. HP: 19/19 MP: 2/2
   175 | D:1      | Reached skill level 6 in Stealth
   528 | D:1      | Reached XP level 3. HP: 24/24 MP: 3/3
   682 | D:1      | Reached skill level 1 in Long Blades
   992 | D:2      | HP: 5/24 [gnoll/+0 halberd (17)]
   993 | D:2      | HP: 1/24 [gnoll/+0 halberd (4)]
  1495 | D:2      | Reached XP level 4. HP: 27/29 MP: 4/4
  1541 | D:2      | Reached skill level 7 in Stealth
  1744 | D:2      | HP: 7/29 [gnoll/+0 halberd (8)]
  2130 | D:2      | Reached skill level 2 in Long Blades
  2367 | D:2      | Reached XP level 5. HP: 34/34 MP: 5/5
  2434 | D:2      | Found a shimmering blue altar of Sif Muna.
  2810 | D:3      | Found a glowing silver altar of Zin.
  3131 | D:3      | Reached skill level 8 in Stealth
  3240 | D:3      | HP: 6/34 [adder (3)]
  3540 | D:3      | Reached skill level 1 in Spellcasting
  3540 | D:3      | Reached XP level 6. HP: 36/39 MP: 7/7
  3687 | D:3      | Noticed Sigmund
  3786 | D:3      | Found a faded altar of an unknown god.
  4108 | D:4      | You fall into a shaft and drop 3 floors!
  4153 | D:6      | HP: 8/39 [scorpion (3)]
  4154 | D:6      | HP: 2/39 [poisoned by a scorpion]
  4155 | D:6      | Succumbed to a scorpion's poison

Illustrated notes

Levels and vault maps discovered:
D:1:      tarquinn_simple_flora_water_f, layout_loops_cross
D:2:      minmay_angry_zag, layout_basic, basic_altar
D:3:      layout_rooms, mainiacjoe_overflow_tiny_flanked,
          dreamdust_ecumenical_altar_hidden_monk_grotto,
          hangedman_decor_clover_reticule, uniq_sigmund
D:4:      layout_loops_ring, nicolae_hepliaklqana_hazy_memory
D:6:      layout_gridville, nicolae_tso_besieged_by_evil, serial_glass,
          glass_columns_a, glass_columns_a, due_unseen_surprise,
          minmay_strange_pillars, minmay_strange_pillars, feat_on_display,
          st_stairs_11, minmay_between
D:7:      layout_loops_ring

Skill      XL: |  1  2  3  4  5 |
---------------+----------------+-----
Stealth        | 6 7 8 |  8.6
Long Blades    | 1 2 |  2.7
Spellcasting   | 1 |  1.2
Fighting       | |  2.0
Short Blades   | |  2.2
Throwing       | |  2.0
Dodging        | |  1.0

Action                   |  1- 3 |  4- 6 || total
-------------------------+-------+-------++-------
Melee: Dagger            |    10 |       ||    10
       Constrict         |    11 |    24 ||    35
       Long sword        |    48 |    91 ||   139
       Tentacles         |     9 |    23 ||    32
       Punch             |     1 |     2 ||     3
Throw: Stone             |    27 |     8 ||    35
       Dart              |       |    27 ||    27
  Use: Scroll            |     4 |     5 ||     9
       Potion            |       |     3 ||     3
 Stab: Sleeping          |    13 |    10 ||    23
Armor: Skin              |     5 |     7 ||    12
Dodge: Dodged            |    44 |    75 ||   119

Table legend: (Time is in decaauts)
 A = Elapsed time spent in this place.
 B = Non-inter-level travel time spent in this place.
 C = Inter-level travel time spent in this place.
 D = Time resting spent in this place.
 E = Time spent auto-exploring this place.
 F = Levels seen in this place.
 G = Mean time per level.
                   A        B        C        D        E       F      G
               +--------+--------+--------+--------+--------+-----+--------+
         Total |   4191 |   4109 |     82 |   1452 |   1909 |   6 |  698.5 |
       Dungeon |   4191 |   4109 |     82 |   1452 |   1909 |   6 |  698.5 |
               +--------+--------+--------+--------+--------+-----+--------+

Top non-repeatable levels by time:
     D:2: 1632 daAuts
     D:3: 1380 daAuts
     D:1: 832 daAuts
     D:4: 298 daAuts
     D:6: 40 daAuts
     D:7: 6 daAuts

Table legend:
 A = Kills in this place as a percentage of kills in entire the game.
 B = Kills by you in this place as a percentage of kills by you in the entire game.
 C = Kills by friends in this place as a percentage of kills by friends in the entire game.
 D = Other kills in this place as a percentage of other kills in the entire game.
 E = Experience gained in this place as a percentage of experience gained in the entire game.
 F = Experience gained in this place divided by the number of levels of this place that you have seen.
                   A       B       C       D       E      F
               +-------+-------+-------+-------+-------+----------------------
         Total | 100.0 | 100.0 |   N/A |   N/A | 100.0 |  76.0
       Dungeon | 100.0 | 100.0 |   N/A |   N/A | 100.0 |  76.0
               +-------+-------+-------+-------+-------+----------------------
